 Dungeon Crawl Stone Soup version 0.23.0-3-gf3c87f2df8 (webtiles) character file.

Game seed: 16141355101002508821

3397 Murks the Destroyer (level 9, 0/45 HPs)
             Began as a Deep Elf Fire Elementalist on Feb 23, 2019.
             Was an Initiate of Vehumet.
             Slain by a killer bee (3 damage)
             ... on level 8 of the Dungeon.
             The game lasted 00:33:47 (9726 turns).

Murks the Destroyer (Deep Elf Fire Elementalist)    Turns: 9726, Time: 00:33:48

Health: 0/45       AC: 11    Str:  9    XL:     9   Next: 75%
Magic:  14/23      EV: 12    Int: 28    God:    Vehumet [......]
Gold:   423        SH:  0    Dex: 10    Spells: 11/24 levels left

rFire    + . .     SeeInvis +   w - +1 trident (freeze)
rCold    . . .     Gourm    .   (no shield)
rNeg     . . .     Faith    .   v - +0 leather armour
rPois    .         Spirit   .   A - +0 helmet "Pamone Xiuj" {Str+4 Int+4 Dex-5 SInv}
rElec    .         Reflect  .   r - +0 cloak
rCorr    .         Harm     .   C - +0 pair of gloves
MR       .....                  K - +0 pair of boots
Stlth    ++........             g - amulet of the acrobat
HPRegen  0.15/turn              q - +4 ring of protection
MPRegen  0.18/turn              H - ring of protection from fire

@: lethally poisoned (0 -> -13), studying Shields
A: no striking features
a: Renounce Religion


You were on level 8 of the Dungeon.
You worshipped Vehumet.
Vehumet was noncommittal.
You were not hungry.

You visited 2 branches of the dungeon, and saw 9 of its levels.

You collected 423 gold pieces.

Inventory:

Hand Weapons
 w - a +1 trident of freezing (weapon)
 y - a +3 trident of piercing
Missiles
 e - 214 stones (quivered)
 k - a throwing net
Armour
 a - a +0 robe
 r - a +0 cloak (worn)
 v - a +0 leather armour (worn)
 A - the +0 helmet "Pamone Xiuj" (worn) {Str+4 Int+4 Dex-5 SInv}
   (You found it on level 5 of the Dungeon)

   It affects your strength (+4).
   It affects your intelligence (+4).
   It affects your dexterity (-5).
   It lets you see invisible.
 C - a +0 pair of gloves (worn)
 K - a +0 pair of boots (worn)
Jewellery
 g - an amulet of the acrobat (around neck)
 q - a +4 ring of protection (left hand)
 x - an uncursed ring of ice
 H - a ring of protection from fire (right hand)
Wands
 p - a wand of random effects (15)
 D - a wand of scattershot (7)
 E - a wand of polymorph (7)
 F - a wand of disintegration (10)
Scrolls
 d - 4 scrolls of remove curse {unknown}
 f - 6 scrolls of teleportation {unknown}
 h - a scroll of enchant weapon {unknown}
 i - 2 scrolls of fear {unknown}
 o - 3 scrolls of identify
 s - 5 scrolls of fog {unknown}
 z - 3 scrolls of amnesia {unknown}
 B - a scroll of magic mapping {unknown}
Potions
 b - 2 potions of agility {unknown}
 j - 2 potions of curing {unknown}
 l - a potion of might {unknown}
 m - a potion of haste {unknown}
 n - a potion of berserk rage {unknown}
 t - 2 potions of heal wounds {unknown}
 u - a potion of mutation {unknown}
 G - 2 potions of flight {unknown}
 J - a potion of degeneration {unknown}
Books
 I - a manual of Shields
Comestibles
 c - 9 rations
 L - 2 chunks of flesh


   Skills:
 - Level 2.4 Dodging
 - Level 2.4 Stealth
 - Level 8.0 Spellcasting
 * Level 11.2 Conjurations
 + Level 8.7 Fire Magic


You had 11 spell levels left.
You knew the following spells:

 Your Spells              Type           Power        Failure   Level  Hunger
a - Flame Tongue          Conj/Fire      #####        1%          1    None
b - Conjure Flame         Conj/Fire      ######..     1%          3    None
c - Sticky Flame          Conj/Fire      ######..     1%          4    ##.....
d - Fireball              Conj/Fire      ######....   3%          5    ####...

Your spell library contained the following spells:

 Spells                   Type           Power        Failure   Level  Hunger
 Throw Flame              Conj/Fire      ######       1%          2    None
 Inner Flame              Hex/Fire       #####...     3%          3    None


Dungeon Overview and Level Annotations

Branches:
Dungeon (8/15)             Temple (1/1) D:7
   Lair: D:8-11

Altars:
Ashenzari
Cheibriados
Dithmenos
Elyvilon
Fedhas
Gozag
Hepliaklqana
Kikubaaqudgha
Makhleb
Nemelex Xobeh
Okawaru
Qazlal
Ru
Sif Muna
Trog
Uskayaw
Vehumet
Wu Jian
Xom
Yredelemnul
Zin
The Shining One


Message History

The killer bee is almost dead.
You feel sick. The killer bee stings you!
* * * LOW HITPOINT WARNING * * *
The killer bee stings you.
* * * LOW HITPOINT WARNING * * *
The killer bee closely misses you. The killer bee stings you.
* * * LOW HITPOINT WARNING * * *
You are more poisoned.
The killer bee poisons you!
Casting: Flame Tongue (safe; 1% risk of failure)
Confirm with . or Enter, or press ? or * to list all spells.
Aiming: Flame Tongue (safe; 1% risk of failure)
Press: ? - help, Shift-Dir - straight line, f/p - killer bee
Aim: a killer bee (almost dead)
The flame tongue misses the killer bee.
* * * LOW HITPOINT WARNING * * *
You feel sick.
The killer bee misses you. x2; The killer bee stings you.
* * * LOW HITPOINT WARNING * * *
The killer bee stings you.
You die...

#. #. # #. .#
#####.####.# ...#......#
# ###.###.##...# .#
y........'t..###.####..
###..##.##y...........#.
.......yZ@y.............
####..#y####..........#
##.#?# #..........# .
#.# #..........# .. ..#
#..........# ## ###
#..........#
#.###'#'##..
#.##....######.
#.#......[.....


You could see a crocodile, 4 killer bees and a worker ant zombie.

Vanquished Creatures
  Pikel (D:7)
  2 hungry ghosts
  Menkaure (D:5)
  2 phantoms (D:6)
  A slave (D:7)
  5 ogres
  A big kobold (D:7)
  Blork the orc (D:4)
  A bullfrog (D:6)
  A water moccasin skeleton (D:7)
  3 scorpions
  5 killer bees (D:6)
  9 wights (D:7)
  4 crimson imps
  Crazy Yiuf (D:2)
  2 bullfrog skeletons (D:6)
  5 orc priests
  4 hounds
  A jelly (D:5)
  4 orc wizards
  An iguana (D:5)
  Terence (D:3)
  3 worker ants
  A hound skeleton (D:5)
  5 adders
  4 gnolls (D:6)
  A howler monkey skeleton (D:6)
  An adder skeleton (D:5)
  A worm (D:2)
  3 dart slugs
  4 leopard geckos
  6 orcs
  2 ball pythons (D:3)
  7 giant cockroaches
  11 goblins
  4 hobgoblins
  9 jackals
  2 quokkas
  10 bats
  3 frilled lizards
  11 kobolds
  A leopard gecko zombie (D:6)
  A quokka skeleton (D:6)
  13 rats
159 creatures vanquished.

Notes
Turn   | Place    | Note
-------+----------+-------------------------------------------
     0 | D:1      | Murks the Deep Elf Fire Elementalist began the quest for
                  | the Orb.
     0 | D:1      | Reached XP level 1. HP: 10/10 MP: 6/6
   315 | D:1      | Reached XP level 2. HP: 15/15 MP: 6/8
   358 | D:1      | Reached skill level 2 in Conjurations
   838 | D:1      | Reached XP level 3. HP: 19/19 MP: 8/10
   869 | D:1      | Learned a level 3 spell: Conjure Flame
  1467 | D:2      | Found a runed translucent door.
  1468 | D:2      | Noticed Crazy Yiuf
  1647 | D:2      | Killed Crazy Yiuf
  1647 | D:2      | Reached skill level 3 in Conjurations
  1647 | D:2      | Reached XP level 4. HP: 2/24 MP: 0/12
  2104 | D:2      | Learned a level 4 spell: Sticky Flame
  3173 | D:3      | Noticed Terence
  3183 | D:3      | Killed Terence
  3183 | D:3      | Reached XP level 5. HP: 28/28 MP: 3/13
  3704 | D:3      | Reached skill level 4 in Conjurations
  4049 | D:4      | Noticed an ogre
  4059 | D:4      | Killed an ogre
  4094 | D:4      | Reached skill level 5 in Spellcasting
  4094 | D:4      | Reached XP level 6. HP: 32/32 MP: 10/15
  4191 | D:4      | Reached skill level 5 in Conjurations
  4341 | D:4      | Noticed Blork the orc
  4351 | D:4      | Killed Blork the orc
  4351 | D:4      | Reached skill level 5 in Fire Magic
  4930 | D:4      | Reached XP level 7. HP: 35/36 MP: 5/17
  5440 | D:4      | Reached skill level 6 in Conjurations
  5497 | D:5      | Entered Level 5 of the Dungeon
  5663 | D:5      | Got a steaming helmet
  5671 | D:5      | Identified the +0 helmet "Pamone Xiuj" {Str+4 Int+4 Dex-5
                  | SInv} (You found it on level 5 of the Dungeon)
  5696 | D:5      | Noticed Menkaure
  5971 | D:5      | Killed Menkaure
  6137 | D:5      | Reached skill level 7 in Conjurations
  6163 | D:5      | Reached XP level 8. HP: 32/41 MP: 11/20
  6236 | D:5      | Learned a level 5 spell: Fireball
  6287 | D:5      | Found a sparkling altar of Nemelex Xobeh.
  6863 | D:6      | Reached skill level 8 in Conjurations
  7171 | D:6      | Found a blossoming altar of Fedhas.
  7434 | D:6      | Reached skill level 9 in Conjurations
  7623 | D:6      | Reached XP level 9. HP: 45/45 MP: 19/23
  8329 | D:7      | Reached skill level 10 in Conjurations
  9033 | D:7      | Found a staircase to the Ecumenical Temple.
  9088 | Temple   | Entered the Ecumenical Temple
  9260 | Temple   | Became a worshipper of Vehumet
  9482 | D:7      | Noticed Pikel
  9497 | D:7      | Killed Pikel
  9497 | D:7      | Reached skill level 11 in Conjurations
  9726 | D:8      | Slain by a killer bee

Skill      XL: |  1  2  3  4  5  6  7  8  9 |
---------------+----------------------------+-----
Conjurations   | 2 3 4 5 7 9 11 | 11.2
Spellcasting   | 4 5 6 8 |  8.0
Fire Magic     | 4 5 6 7 8 |  8.7
Dodging        | |  2.4
Stealth        | |  2.4

Action                   |  1- 3 |  4- 6 |  7- 9 || total
-------------------------+-------+-------+-------++-------
Melee: Whip              |    14 |       |       ||    14
       Quarterstaff      |       |     8 |       ||     8
       Trident           |       |    62 |   258 ||   320
Throw: Stone             |     7 |    18 |     2 ||    27
 Cast: Flame Tongue      |    61 |    89 |   160 ||   310
       Conjure Flame     |     3 |    10 |    24 ||    37
       Sticky Flame      |       |       |    15 ||    15
       Fireball          |       |       |     2 ||     2
  Use: Scroll            |       |     3 |     2 ||     5
 Stab: Sleeping          |       |     2 |     1 ||     3
  Eat: Chunk             |     2 |     8 |    11 ||    21
       Ration            |       |     1 |     2 ||     3
Armor: Robe              |     8 |    11 |    39 ||    58
       Leather armour    |       |       |     7 ||     7
Dodge: Dodged            |    21 |    35 |    97 ||   153
